 Dungeon Crawl Stone Soup version 0.30.0-10-gfe55d96785 (webtiles) character file.

Game seed: 14932175231579660439

148 gelatine the Firebug (level 5, -5/32 HPs)
             Began as a Demonspawn Fire Elementalist on May 14, 2023.
             Was a Believer of Hepliaklqana.
             Slain by a gnoll bouda
             ... wielding a +0 whip
              (10 damage)
             ... on level 4 of the Dungeon.
             The game lasted 00:09:02 (2930 turns).

gelatine the Firebug (Demonspawn Fire Elementalist) Turns: 2930, Time: 00:09:03

Health: -5/32      AC:  2    Str:  9    XL:     5   Next: 8%
Magic:  9/9        EV: 12    Int: 18    God:    Hepliaklqana [**....]
Gold:   228        SH:  0    Dex: 13    Spells: 6/9 levels left

rFire   + . .        h - +3 dagger
rCold   . . .        (no shield)
rNeg    . . .        a - +0 robe
rPois   .            (helmet restricted)
rElec   .            (no cloak)
rCorr   .            (no gloves)
SInv    .            (no boots)
Will    .....        (no amulet)
Stlth   ++           l - ring of protection from fire
HPRegen 0.25/turn    (no ring)
MPRegen 0.11/turn

%: no passive effects
@: weakened
A: reduced essence, antennae 1, weakness stinger 1
a: Renounce Religion, Ancestor Life: Knight, Ancestor Life: Battlemage, Ancestor
Life: Hexer, Recall Ancestor, Ancestor Identity


You were on level 4 of the Dungeon.
You worshipped Hepliaklqana.
Hepliaklqana was pleased with you.
You visited 1 branch of the dungeon, and saw 4 of its levels.

You collected 228 gold pieces.

Inventory:

Hand Weapons
 d - a +0 dagger
 h - a +3 dagger (weapon)
 r - a +0 vampiric whip
Armour
 a - a +0 robe (worn)
Jewellery
 l - a ring of protection from fire (left hand)
Scrolls
 e - 3 scrolls of teleportation {unknown}
 f - a scroll of enchant armour {unknown}
 g - 2 scrolls of immolation {unknown}
 k - 2 scrolls of fear {unknown}
 o - 2 scrolls of identify {unknown}
 p - a scroll of brand weapon {unknown}
 u - 2 scrolls of fog {unknown}
Potions
 c - a potion of degeneration {unknown}
 i - 2 potions of mutation {unknown}
 j - a potion of berserk rage {unknown}
 m - a potion of attraction {unknown}
 n - 2 potions of heal wounds {unknown}
 q - a potion of cancellation {unknown}
 s - a potion of curing {unknown}
 t - a potion of invisibility {unknown}


   Skills:
 * Level 0.6 Fighting
 * Level 0.8 Short Blades
 * Level 2.1 Dodging
 * Level 2.5 Stealth
 * Level 2.7 Spellcasting
 * Level 1.8 Conjurations
 * Level 3.6 Fire Magic
 * Level 1.5 Invocations


You had 6 spell levels left.
You knew the following spells:

 Your Spells              Type           Power      Damage    Failure   Level
a - Foxfire               Conj/Fire      48%        2x1d6     5%          1
b - Scorch                Fire           30%        2d6       6%          2

Your spell library contained the following spells:

 Spells                   Type           Power      Damage    Failure   Level
 Summon Small Mammal      Summ           8%         N/A       17%         1
 Inner Flame              Hex/Fire       8%         N/A       24%         3
 Volatile Blastmotes      Fire/Tloc      16%        2d11      24%         3
 Lesser Beckoning         Tloc           4%         N/A       26%         2
 Call Canine Familiar     Summ           2%         N/A       45%         3
 Gell's Gravitas          Tloc           2%         N/A       45%         3
 Summon Guardian Golem    Hex/Summ       2%         N/A       45%         3
 Teleport Other           Tloc           2%         N/A       45%         3
 Flame Wave               Conj/Fire      12%        2d6       47%         4
 Animate Armour           Summ/Erth      4%         N/A       86%         4
 Blade Hands              Tmut           1%         N/A       99%         5
 Iron Shot                Conj/Erth      2%         9d2       100%        6


Dungeon Overview and Level Annotations

Branches:
Dungeon (4/15)             Temple (0/1) D:4

Altars:
Ashenzari
Dithmenos
Hepliaklqana
Sif Muna


Innate Abilities, Weirdness & Mutations

Your life essence is reduced to manifest your ancestor. (-10% HP)
You have a pair of small antennae on your head.
You have a small tail.


Message History

Confirm with . or Enter, or press ? or * to list all spells.
You conjure some foxfire!
The foxfire hits the gnoll bouda but does no damage.
The gnoll bouda is heavily wounded.
The foxfire hits the gnoll bouda but does no damage.
The gnoll bouda is heavily wounded.
The gnoll bouda gazes fiercely through you!
You feel your attacks grow feeble.
The gnoll bouda gazes fiercely through you!
You feel as though you will be weak longer.
The gnoll bouda gazes fiercely through you!
You feel as though you will be weak longer.
You hit the gnoll bouda but do no damage.
The gnoll bouda is heavily wounded.
The gnoll bouda hits you with a +0 whip.
* * * LOW HITPOINT WARNING * * *
You hit the gnoll bouda but do no damage.
The gnoll bouda is heavily wounded.
The gnoll bouda barely misses you.
You barely miss the gnoll bouda.
The gnoll bouda is heavily wounded.
The gnoll bouda hits you with a +0 whip.
* * * LOW HITPOINT WARNING * * *
You hit the gnoll bouda but do no damage.
The gnoll bouda is heavily wounded.
The gnoll bouda closely misses you.
Casting: Foxfire (safe; 5% risk of failure)
Confirm with . or Enter, or press ? or * to list all spells.
You conjure some foxfire!
The gnoll bouda misses you.
You hit the gnoll bouda but do no damage.
The gnoll bouda is heavily wounded.
The foxfire hits the gnoll bouda.
The gnoll bouda is severely wounded.
The foxfire hits the gnoll bouda but does no damage.
The gnoll bouda is severely wounded.
The gnoll bouda hits you with a +0 whip.
* * * LOW HITPOINT WARNING * * *
Magic courses through your body.
The gnoll bouda hits you with a +0 whip!
You die...

#.# #.# #.#
####### #.#
..#...## #.#
.......####.######
.........).......#
.......).........#
.......<.......g@#
.......###.#######
..#...## #.#
####### #.# # #.#
#>#


You could see a gnoll bouda.

Vanquished Creatures
  A hound (D:4)
  2 adders
  2 gnolls
  A worm (D:2)
  3 dart slugs
  4 orcs
  A bat (D:3)
  3 endoplasms
  3 giant cockroaches
  9 goblins
  4 hobgoblins
  5 kobolds
  4 ball pythons
  2 frilled lizards (D:1)
  2 rats (D:1)
46 creatures vanquished.

Vanquished Creatures (collateral kills)
  A gnoll (D:4)
  2 worms
  2 orcs (D:3)
  2 kobolds
7 creatures vanquished.

Vanquished Creatures (others)
  2 ancestors (D:4)
  160 foxfires
162 creatures vanquished.

Grand Total: 215 creatures vanquished

Notes
Turn   | Place    | Note
-------+----------+-------------------------------------------
     0 | D:1      | gelatine the Demonspawn Fire Elementalist began the quest
                  | for the Orb.
     0 | D:1      | Reached XP level 1. HP: 13/13 MP: 3/3
   203 | D:1      | Discovered your monstrous ancestry.
   203 | D:1      | Gained mutation: You have a pair of small antennae on your
                  | head. [demonic ancestry]
   203 | D:1      | Reached XP level 2. HP: 19/19 MP: 3/5
   279 | D:1      | Found a faded altar of an unknown god.
   343 | D:1      | Reached skill level 3 in Fire Magic
   355 | D:1      | Prayed at the altar of an unknown god.
   355 | D:1      | Became a worshipper of Hepliaklqana the Forgotten
   355 | D:1      | Reached * piety under Hepliaklqana
   888 | D:2      | Gained mutation: You have a small tail. [demonic ancestry]
   888 | D:2      | Reached XP level 3. HP: 21/21 MP: 2/6
   994 | D:2      | Found a shimmering blue altar of Sif Muna.
  1751 | D:3      | Reached ** piety under Hepliaklqana
  1854 | D:3      | Learned a level 2 spell: Scorch
  2036 | D:3      | Reached XP level 4. HP: 27/27 MP: 0/7
  2176 | D:3      | Found a broken altar of Ashenzari.
  2176 | D:3      | Found a shadowy altar of Dithmenos.
  2234 | D:3      | Reached skill level 1 in Invocations
  2796 | D:4      | Found a staircase to the Ecumenical Temple.
  2902 | D:4      | Reached XP level 5. HP: 4/32 MP: 4/9
  2930 | D:4      | Slain by a gnoll bouda

Illustrated notes

Levels and vault maps discovered:
D:1:      evilmike_arrival_hilbert_curve, layout_rooms,
          shapermc_ecumenical_altar_pompeii
D:2:      layout_basic, basic_altar, minmay_pentomino_q2
D:3:      layout_basic, gammafunk_temple_overflow_statue,
          kennysheep_another_room
D:4:      layout_rooms, temple_statues, serial_shops,
          nicolae_shop_rolling_square

Skill      XL: |  1  2  3  4 |
---------------+-------------+-----
Stealth        | 2 |  2.5
Fire Magic     | 3 |  3.6
Dodging        | 2 |  2.1
Invocations    | 1 |  1.5
Fighting       | |  0.6
Short Blades   | |  0.8
Spellcasting   | |  2.7
Conjurations   | |  1.8

Action                     |  1- 3 |  4- 6 || total
---------------------------+-------+-------++-------
  Melee: Dagger            |    11 |    15 ||    26
         Tailslap          |       |     3 ||     3
   Cast: Foxfire           |    67 |    26 ||    93
         Scorch            |     3 |     6 ||     9
    Use: Potion            |       |     1 ||     1
   Stab: Distracted        |     1 |       ||     1
         Sleeping          |     1 |       ||     1
 Armour: Robe              |       |     2 ||     2
  Dodge: Dodged            |     8 |    19 ||    27
